 Dungeon Crawl Stone Soup version 0.25.1-11-g244df3a29b (webtiles) character file.

Game seed: 1593662853983242870

2788 DeepDeath the Spear-Bearer (level 10, -1/71 HPs)
             Began as a Formicid Gladiator on Dec 29, 2023.
             Was a Follower of Okawaru.
             Slain by a hornet (15 damage)
             ... on level 8 of the Dungeon.
             The game lasted 00:33:47 (10734 turns).

DeepDeath the Spear-Bearer (Formicid Gladiator)    Turns: 10734, Time: 00:33:48

Health: -1/71      AC:  5    Str: 28    XL:     10   Next: 1%
Magic:  11/12      EV: 15    Int: 12    God:    Okawaru [*.....]
Gold:   368        SH:  0    Dex: 11    Spells: 9/9 levels left

rFire    + . .     SeeInvis +   w - +4 hand axe of the Unliving {vorpal, Int+5 Dex-2 Stlth+}
rCold    + . .     Gourm    .   (no shield)
rNeg     . . .     Faith    .   b - +1 leather armour
rPois    +         Spirit   .   (helmet unavailable)
rElec    .         Reflect  .   m - scarf {rC+ rF+}
rCorr    .         Harm     .   (no gloves)
MR       +....                  (no boots)
Stlth    ++++......             (no amulet)
HPRegen  0.21/turn              y - ring of poison resistance
MPRegen  0.13/turn              p - +6 ring of strength

@: heroism
A: permanent stasis, dig shafts and tunnels, four strong arms, antennae 3
a: Dig, Shaft Self, Heroism, Renounce Religion


You were on level 8 of the Dungeon.
You worshipped Okawaru.
Okawaru was aware of your devotion.
You were hungry.

You visited 1 branch of the dungeon, and saw 8 of its levels.
You also visited: Sewer.

You collected 623 gold pieces.
You spent 255 gold pieces at shops.

Inventory:

Hand Weapons
 a - the +3 war axe "Foce" {antimagic, Stlth+}
   (You bought it in a shop on level 6 of the Dungeon)

   It reduces the magical energy of the wielder, and disrupts the spells and
   magical abilities of those hit.
   Natural abilities and divine invocations are not affected.
   It makes you more stealthy.
 o - a +0 hunting sling
 r - the +3 rapier "Cewnual" {speed, rElec rC+ MR+ Dex-3}
   (You found it on level 5 of the Dungeon)

   Attacks with this weapon are significantly faster.
   It affects your dexterity (-3).
   It protects you from cold.
   It insulates you from electricity.
   It affects your resistance to hostile enchantments.
 v - a +1 vampiric spear
 w - the +4 hand axe of the Unliving (weapon) {vorpal, Int+5 Dex-2 Stlth+}
   (You found it on level 5 of the Dungeon)

   It inflicts extra damage upon your enemies.
   It affects your intelligence (+5).
   It affects your dexterity (-2).
   It makes you more stealthy.
 B - a +1 trident
Missiles
 e - 181 arrows
 g - 306 stones
 l - 6 boomerangs
 t - 21 bolts
 z - 23 sling bullets
 E - 7 poisoned darts (quivered)
Armour
 b - a +1 leather armour (worn)
 m - a scarf of resistance (worn)
 C - a +0 kite shield
Jewellery
 p - a +6 ring of strength (right hand)
 q - a +6 ring of dexterity
 y - a ring of poison resistance (left hand)
Wands
 u - a wand of flame (15)
 D - a wand of iceblast (3)
Scrolls
 d - a scroll of fog
 i - 4 scrolls of identify
 k - 2 scrolls of enchant armour
 n - 2 scrolls of magic mapping
 s - 2 scrolls of remove curse
 x - a scroll of noise
 F - a scroll of amnesia
Potions
 h - 3 potions of mutation
 A - a potion of brilliance
Comestibles
 f - 16 rations
 j - 4 chunks of flesh


   Skills:
 - Level 4.0(9.0) Fighting
 - Level 2.0(7.0) Short Blades
 * Level 6.8(13.8) Axes
 - Level 8.7(14.7) Polearms
 - Level 3.0(8.0) Throwing
 - Level 3.0(8.0) Armour
 - Level 3.0(8.0) Dodging
 - Level 3.0(8.0) Stealth
 + Level 2.9(7.9) Shields
 + Level 3.6 Invocations


You had 9 spell levels left.
You didn't know any spells.
Your spell library contained the following spells:

 Spells                   Type           Power        Failure   Level  Hunger
 Corona                   Hex            #......      36%         1    ##.....
 Ensorcelled Hibernation  Hex/Ice        #.....       50%         2    ###....
 Confusing Touch          Hex            #.......     73%         3    ####...
 Dazzling Flash           Conj/Hex       #.....       73%         3    ####...
 Tukima's Dance           Hex            #.......     73%         3    ####...


Dungeon Overview and Level Annotations

Branches:
Dungeon (8/15)             Temple (0/1) D:6            Lair (0/6) D:8
  Sewer (visited)

Altars:
Dithmenos
Fedhas
Gozag
Okawaru
Trog
Xom
Yredelemnul
Zin

Shops:
D:5 =   D:6 (


Innate Abilities, Weirdness & Mutations

You cannot be hasted, slowed, berserked, paralysed or teleported.
You can dig through walls and to a lower floor.
Your four strong arms can wield two-handed weapons with a shield.
You have a pair of large antennae on your head. (SInv)


Message History

* * * LOW HITPOINT WARNING * * *
You barely miss the hornet.
The hornet is heavily wounded.
The hornet stings you!
* * * LOW HITPOINT WARNING * * *
Unknown command.
You feel better.
The hornet stings you but does no damage.
Unknown command.
Unknown command.
Unknown command.
Unknown command.
Unknown command.
Unknown command.
Unknown command.
Unknown command.
Unknown command.
Are you sure you want to shaft yourself?
You feel quite a bit more hungry. The hornet stings you!
You die...

#.#.....#.#
#.#.......#
....P.P..# ..
#...._...# ...#
#...P.P..###...#
#.......#......
#..y..#.#......
#####.$@..#........
....≈≈≈.###........
....≈.≈............
....≈.≈..##......%.
###
....≈.≈............
#..
................###
#..
..........#..####
###..
..........#..###
##....
..........#....#
##...P.


You could see a hornet.

Vanquished Creatures
  Menkaure (D:6)
  2 wargs
  A sky beast (D:4)
  2 orc warriors (D:8)
  A phantom (D:7)
  3 ogres
  3 centaurs
  A crocodile (D:8)
  2 big kobolds
  7 bullfrogs
  A scorpion (D:7)
  A howler monkey (D:4)
  A crimson imp (D:7)
  A bullfrog zombie (D:7)
  4 hounds
  An orc priest (D:8)
  A jelly (D:5)
  2 orc wizards
  A centaur skeleton (D:4)
  An iguana (D:4)
  Ijyb (D:5)
  3 worker ants
  Robin (D:4)
  14 adders
  A gnoll (D:1)
  2 shadow imps
  10 oozes
  3 adder skeletons
  3 worms
  2 dart slugs (D:1)
  11 leopard geckos
  21 orcs
  8 giant cockroaches
  18 goblins
  9 hobgoblins
  8 jackals
  19 kobolds
  3 quokkas (D:3)
  18 ball pythons
  4 bats
  13 frilled lizards
  A jackal skeleton (D:3)
  A leopard gecko skeleton (D:4)
  2 quokka skeletons
  7 rats
220 creatures vanquished.

Notes
Turn   | Place    | Note
-------+----------+-------------------------------------------
     0 | D:1      | DeepDeath the Formicid Gladiator began the quest for the
                  | Orb.
     0 | D:1      | Reached XP level 1. HP: 16/16 MP: 1/1
    68 | D:1      | Reached skill level 1 in Stealth
   174 | D:1      | Reached XP level 2. HP: 22/22 MP: 2/2
   246 | D:1      | Reached XP level 3. HP: 18/27 MP: 3/3
   907 | D:1      | Reached skill level 4 in Polearms
  1228 | D:2      | Found an opulent altar of Gozag.
  1590 | D:2      | Reached XP level 4. HP: 32/33 MP: 4/4
  2495 | D:3      | Found a bloodstained altar of Trog.
  2556 | D:3      | Reached skill level 1 in Armour
  2597 | D:3      | Reached XP level 5. HP: 14/38 MP: 5/5
  2705 | D:3      | Found a glowing drain.
  2734 | Sewer    | Entered a sewer
  2745 | Sewer    | Reached skill level 5 in Polearms
  3296 | Sewer    | Reached XP level 6. HP: 44/44 MP: 6/6
  3461 | Sewer    | Reached skill level 6 in Polearms
  3767 | D:3      | Reached skill level 7 in Polearms
  3767 | D:3      | Reached XP level 7. HP: 40/50 MP: 7/7
  3830 | D:3      | You fall into a shaft and drop 1 floor!
  4302 | D:4      | Noticed Robin
  4338 | D:4      | Killed Robin
  5338 | D:4      | Reached XP level 8. HP: 34/57 MP: 8/8
  5660 | D:5      | Entered Level 5 of the Dungeon
  6009 | D:5      | Got a glimmering rapier
  6058 | D:5      | Reached skill level 8 in Polearms
  6061 | D:5      | Found Xymo's Jewellery Emporium.
  6111 | D:5      | Found an opulent altar of Gozag.
  6111 | D:5      | Found a glowing silver altar of Zin.
  6112 | D:5      | Found a shadowy altar of Dithmenos.
  6171 | D:5      | Found an iron altar of Okawaru.
  6172 | D:5      | Noticed Ijyb
  6207 | D:5      | Killed Ijyb
  6228 | D:5      | Became a worshipper of Warmaster Okawaru
  6277 | D:5      | Reached skill level 1 in Invocations
  6342 | D:5      | Found a shimmering altar of Xom.
  6510 | D:5      | Got a jewelled hand axe
  6727 | D:4      | Identified the +4 hand axe of the Unliving {vorpal, Int+5
                  | Dex-2 Stlth+} (You found it on level 5 of the Dungeon)
  7130 | D:5      | Identified the +3 rapier "Cewnual" {speed, rElec rC+ MR+
                  | Dex-3} (You found it on level 5 of the Dungeon)
  7191 | D:6      | Found a staircase to the Ecumenical Temple.
  7322 | D:6      | Found Inaigy's Antique Weapon Shoppe.
  7332 | D:6      | Bought a polished war axe for 255 gold pieces
  7332 | D:6      | Identified the +3 war axe "Foce" {antimagic, Stlth+} (You
                  | bought it in a shop on level 6 of the Dungeon)
  7645 | D:6      | Reached skill level 1 in Axes
  7672 | D:6      | Noticed Menkaure
  7682 | D:6      | Killed Menkaure
  7682 | D:6      | Reached skill level 1 in Short Blades
  7742 | D:6      | Found a blossoming altar of Fedhas.
  8146 | D:6      | Reached XP level 9. HP: 38/63 MP: 10/10
  8791 | D:7      | Reached * piety under Okawaru
  9095 | D:7      | Found an iron altar of Okawaru.
  9415 | D:7      | Reached skill level 5 in Axes
  9849 | D:8      | Reached skill level 1 in Shields
 10420 | D:8      | Found a staircase to the Lair.
 10558 | D:8      | Reached XP level 10. HP: 46/71 MP: 9/12
 10717 | D:8      | Found a basalt altar of Yredelemnul.
 10734 | D:8      | Slain by a hornet

Illustrated notes

Levels and vault maps discovered:
D:1:      erik_arrival_cave_to_civilisation [erik_arrival_cave_to_hall],
          layout_basic
D:2:      layout_basic, nicolae_gozag_cash_rules_everything_around_me
D:3:      layout_rooms, bloody_trog, portal_sewer_entry_b,
          roderic_roman_lattice, feat_on_display
D:4:      layout_basic, first_ration, minmay_divided_ellipse, uniq_robin
D:5:      layout_loops_ring, nicolae_overflow_hidden_temple,
          gammafunk_temple_overflow_claw, serial_shops, kennysheep_mini_moat,
          okawaru_metal_pillars_3, uniq_ijyb
D:6:      layout_gridville, kennysheep_mini, minmay_temple_entry_glassed_door,
          serial_shops, nicolae_shop_crystal, uniq_menkaure
D:7:      layout_loops_ring, nicolae_overflow_crystal_walls
D:8:      layout_basic, yredelemnul_altar_generic, erik_lair_orcish_takeover,
          serial_rivers, chequers_serial_rivers_micro_d,
          chequers_serial_rivers_micro_b, chequers_serial_rivers_large_b,
          chequers_serial_rivers_marsh, chequers_serial_rivers_small_b,
          serial_shops, shop

Skill      XL: |  1  2  3  4  5  6  7  8  9 |
---------------+----------------------------+-----
Stealth        | 1 2 3 |  3.0
Polearms       | 4 5 7 8 |  8.7
Armour         | 1 2 3 |  3.0
Dodging        | 3 |  3.0
Fighting       | 3 4 |  4.0
Throwing       | 3 |  3.0
Invocations    | 2 3 |  3.6
Axes           | 2 6 |  6.8
Short Blades   | 1 2 |  2.0
Shields        | 2 |  2.9

Action                   |  1- 3 |  4- 6 |  7- 9 | 10-12 || total
-------------------------+-------+-------+-------+-------++-------
Melee: Trident           |    99 |   273 |   142 |       ||   514
       Hand axe          |       |       |   181 |    13 ||   194
       Spear             |       |       |    47 |       ||    47
       Rapier            |       |       |     3 |       ||     3
       Punch             |       |       |     1 |       ||     1
Throw: Stone             |     4 |    85 |    31 |       ||   120
       Throwing net      |     3 |     3 |     2 |       ||     8
       Dart              |       |       |    12 |       ||    12
Invok: Heroism           |       |       |     8 |     1 ||     9
 Abil: Shaft Self        |       |       |       |     1 ||     1
  Use: Scroll            |     6 |     5 |    12 |       ||    23
       Potion            |       |     4 |     2 |     1 ||     7
 Stab: Sleeping          |     5 |     3 |    10 |       ||    18
       Invisible         |       |     2 |       |       ||     2
       Held in net/web   |       |       |     1 |       ||     1
       Distracted        |       |       |     2 |       ||     2
  Eat: Chunk             |     2 |     4 |    15 |       ||    21
       Ration            |       |     1 |     2 |       ||     3
Armor: Leather armour    |    27 |    61 |    59 |     1 ||   148
Dodge: Dodged            |    64 |   182 |   181 |     6 ||   433
